 Dungeon Crawl Stone Soup version 0.19.1 (webtiles) character file.

4614 ChaseSP the Cleaver (level 10, -10/105 HPs)
             Began as a Formicid Fighter on Dec 3, 2016.
             Was an Elder of Qazlal.
             Mangled by a cyan ugly thing (16 damage)
             ... on level 8 of the Dungeon.
             The game lasted 00:14:09 (6199 turns).

ChaseSP the Cleaver (Formicid Fighter)              Turns: 6199, Time: 00:14:10

Health: -10/105    AC: 31    Str: 21    XL:     10   Next: 69%
Magic:  10/10      EV:  2    Int:  9    God:    Qazlal [****..]
Gold:   429        SH: 16    Dex: 12    Spells: 0 memorised, 9 levels left

rFire  . . .     SeeInvis .     A - +1 battleaxe (elec)
rCold  . . .     Gourm    .     (armour currently unavailable)
rNeg   + + +     Faith    .     c - +0 shield
rPois  +         Spirit   .     (helmet unavailable)
rElec  .         Reflect  .     (cloak currently unavailable)
rCorr  .         Harm     +     (gloves currently unavailable)
MR     ++...                    (boots currently unavailable)
Stlth  +.........               M - amulet of harm
                                B - +6 ring of protection
                                H - ring of protection from magic

@: tree-form, repel missiles
A: permanent stasis, dig shafts and tunnels, four strong arms, (antennae 0),
(cold resistance 0), (shaggy fur 0)
a: Upheaval, Elemental Force, Renounce Religion


You were on level 8 of the Dungeon.
You worshipped Qazlal.
Qazlal was greatly pleased with you.
You were very hungry.
You were a tree.
You visited 1 branch of the dungeon, and saw 8 of its levels.
You also visited: Sewer.

You collected 429 gold pieces.

Inventory:

Hand Weapons
 a - a +0 war axe
 i - a +2 flail of venom
 s - a +0 morningstar
 A - a +1 battleaxe of electrocution (weapon)
Missiles
 j - 5 tomahawks (quivered)
 K - 21 bolts
Armour
 c - a +0 shield (worn)
 u - a +0 pair of gloves (melded)
 v - a +0 cloak (melded)
 x - a +0 plate armour of poison resistance (melded)
Jewellery
 g - an uncursed ring of flight
 t - an uncursed amulet of the gourmand
 B - a +6 ring of protection (right branch)
 H - a ring of protection from magic (left branch)
 M - an amulet of harm (around neck)
Wands
 o - a wand of confusion (13/48)
 C - a wand of polymorph (5/24)
 J - a wand of flame (30/48)
Scrolls
 h - a scroll of recharging {unknown}
 m - 3 scrolls of teleportation
 p - a scroll of enchant weapon {unknown}
 q - a scroll of remove curse
 w - a scroll of immolation
 y - 3 scrolls of amnesia {unknown}
 I - a scroll of fog {unknown}
Potions
 b - a potion of degeneration
 d - 4 potions of might
 k - a potion of cure mutation
 l - a potion of agility {unknown}
 n - a potion of brilliance {unknown}
 z - a potion of berserk rage {unknown}
 G - 2 potions of flight
 O - 2 potions of haste {unknown}
Miscellaneous
 D - a phantom mirror
Comestibles
 f - 5 bread rations
 E - 2 meat rations
 F - a slice of pizza
 L - 5 fruits
 N - 4 chunks of flesh


   Skills:
 - Level 3.2 Fighting
 * Level 13.0 Axes
 - Level 3.2 Armour
 - Level 9.1 Shields


You had 9 spell levels left.
You didn't know any spells.

Dungeon Overview and Level Annotations

Branches:
Dungeon (8/15)             Temple (0/1) D:5
   Lair: D:8-11

Altars:
Cheibriados
Hepliaklqana
Kikubaaqudgha
Makhleb
Okawaru
Qazlal
Ru
Yredelemnul
Zin

Shops:
D:6 (


Innate Abilities, Weirdness & Mutations

You are under a permanent stasis effect.
You can dig through walls and to a lower floor.
Your four strong arms can wield two-handed weapons with a shield.
((You have a pair of large antennae on your head. (SInv)))
((Your flesh is cold resistant. (rC+)))
((You are covered in fur. (AC +1)))


Message History

You kill the centaur!
Qazlal accepts your kill.
Your Axes skill increases to level 13!
You block the killer bee's attack.
The killer bee stings you but does no damage.
You block the killer bee's attack.
The cyan ugly thing trunk-slaps you but does no damage.
A worker ant zombie comes into view.
Unknown command.
You slice the cyan ugly thing!!
The cyan ugly thing is heavily wounded.
You slash the killer bee! You closely miss the killer bee.
The killer bee is engulfed in roaring flames.
You block the killer bee's attack.
The killer bee stings you but does no damage.
The killer bee is engulfed in roaring flames.
You block the killer bee's attack. x2; The cyan ugly thing trunk-slaps you.
* * * LOW HITPOINT WARNING * * *
The cyan ugly thing shocks you!
You die...

#.. #..# .. #..# #.
#..# #'## #..# #..####
#5.#####.{ #....##
#Whn...Z. {#......
#yuz..... {#..#..÷
....#
#♣##########..##..
...#
#.y§..........###.
#..# #§............#
#. #..#
#..###############
#..# #... ......
#..####.... ......
##....##########
######
##........#.....#
##.....
#..###...###........##
#......


You could see a cyan ugly thing, a phantom, a necrophage, a hound, 2 killer
bees, a wight, a shadow imp and a worker ant zombie.

Vanquished Creatures
  The ghost of Spif the Cleaver, a novice MiFi of Gozag (D:8)
  Grinder (D:3)
  A hippogriff (D:8)
  Sigmund (D:6)
  6 yaks (D:7)
  2 hungry ghosts
  Edmund (D:6)
  An ice beast (D:7)
  A sky beast (D:8)
  An orc warrior (D:7)
  2 phantoms
  3 ogres
  3 centaurs
  4 bullfrogs
  The ghost of crux the Sneak, an amateur SpEn (Sewer)
  2 scorpions
  3 wights (D:4)
  2 howler monkeys (D:5)
  A bullfrog zombie (D:7)
  3 hounds
  An orc priest (D:7)
  2 centaur skeletons
  An orc wizard (D:7)
  2 bullfrog skeletons
  3 worker ants
  2 iguanas (D:8)
  5 gnolls
  18 adders
  14 oozes
  2 adder skeletons
  5 worms
  3 dart slugs
  15 leopard geckos
  17 orcs
  7 giant cockroaches
  9 goblins
  2 hobgoblins
  2 jackals (D:3)
  2 quokkas
  9 ball pythons
  6 bats
  4 frilled lizards
  4 kobolds
  A leopard gecko skeleton (D:5)
  A leopard gecko zombie (D:6)
  10 rats
187 creatures vanquished.

Notes
Turn   | Place    | Note
-------+----------+-------------------------------------------
     0 | D:1      | ChaseSP the Formicid Fighter began the quest for the Orb.
     0 | D:1      | Reached XP level 1. HP: 18/18 MP: 1/1
    90 | D:1      | Reached XP level 2. HP: 18/24 MP: 2/2
   129 | D:1      | Reached skill level 3 in Axes
   226 | D:1      | Reached XP level 3. HP: 29/29 MP: 3/3
   662 | D:2      | Found a basalt altar of Yredelemnul.
   662 | D:2      | Found a hazy altar of Hepliaklqana.
   662 | D:2      | Found a stormy altar of Qazlal.
   662 | D:2      | Found a sacrificial altar of Ru.
   662 | D:2      | Found an iron altar of Okawaru.
   662 | D:2      | Found an ancient bone altar of Kikubaaqudgha.
   671 | D:2      | Became a worshipper of Qazlal Stormbringer
  1566 | D:3      | Reached XP level 4. HP: 32/35 MP: 4/4
  1685 | D:3      | Reached skill level 4 in Axes
  1744 | D:3      | Noticed Grinder
  1785 | D:3      | Killed Grinder
  1785 | D:3      | Reached skill level 5 in Axes
  1785 | D:3      | Reached skill level 5 in Shields
  1785 | D:3      | Reached XP level 5. HP: 8/41 MP: 5/5
  1785 | D:3      | Reached XP level 6. HP: 9/47 MP: 6/6
  2637 | D:4      | Gained mutation: You are covered in fur. (AC +1) [potion of beneficial mutation]
  2638 | D:4      | Gained mutation: Your flesh is cold resistant. (rC+) [potion of beneficial mutation]
  2683 | D:4      | Reached * piety under Qazlal
  2745 | D:4      | Reached XP level 7. HP: 33/52 MP: 7/7
  3208 | D:4      | Reached skill level 6 in Axes
  3578 | D:5      | Entered Level 5 of the Dungeon
  3588 | D:5      | Reached XP level 8. HP: 51/58 MP: 8/8
  3718 | D:5      | Found a staircase to the Ecumenical Temple.
  3846 | D:5      | Reached ** piety under Qazlal
  4104 | D:6      | Reached skill level 7 in Axes
  4120 | D:6      | Noticed Edmund
  4131 | D:6      | Killed Edmund
  4135 | D:6      | Noticed Sigmund
  4139 | D:6      | Killed Sigmund
  4179 | D:6      | Found Nodaor's Antique Weapon Shop.
  4264 | D:6      | Reached skill level 8 in Axes
  4360 | D:6      | Found a burning altar of Makhleb.
  4455 | D:6      | Found a glowing drain.
  4473 | Sewer    | Entered a sewer
  4666 | Sewer    | Reached XP level 9. HP: 60/64 MP: 9/9
  4691 | Sewer    | Noticed crux's ghost (amateur SpEn)
  4696 | Sewer    | Killed crux's ghost
  4744 | Sewer    | Reached *** piety under Qazlal
  5146 | D:7      | Reached skill level 9 in Axes
  5271 | D:7      | Found a snail-covered altar of Cheibriados.
  5318 | D:7      | Reached skill level 10 in Axes
  5345 | D:7      | Reached skill level 11 in Axes
  5345 | D:7      | Reached XP level 10. HP: 41/70 MP: 10/10
  5624 | D:7      | Reached **** piety under Qazlal
  5742 | D:7      | Reached skill level 12 in Axes
  5979 | D:8      | Noticed Spif's ghost (novice MiFi)
  5992 | D:8      | Killed Spif's ghost
  6109 | D:8      | Found a glowing silver altar of Zin.
  6189 | D:8      | Noticed a cyan ugly thing
  6198 | D:8      | Reached skill level 13 in Axes
  6199 | D:8      | Mangled by a cyan ugly thing

Skill      XL: |  1  2  3  4  5  6  7  8  9 10 |
---------------+-------------------------------+-----
Axes           | 3 5 6 8 11 13 | 13.0
Shields        | 5 6 7 8 9 |  9.1
Fighting       | |  3.2
Armour         | |  3.2

Action                   |  1- 3 |  4- 6 |  7- 9 | 10-12 || total
-------------------------+-------+-------+-------+-------++-------
Melee: War axe           |   106 |   128 |   413 |    34 ||   681
       Battleaxe         |       |       |       |    78 ||    78
Throw: Tomahawk          |     2 |       |       |       ||     2
 Abil: Dig               |       |     1 |     2 |       ||     3
Evoke: Wand              |       |     3 |       |       ||     3
  Use: Scroll            |     2 |     1 |     8 |       ||    11
       Potion            |       |     2 |     2 |     2 ||     6
 Stab: Confused          |       |     3 |       |       ||     3
  Eat: Chunk             |     1 |     5 |    10 |     5 ||    21
Armor: Scale mail        |    23 |       |       |       ||    23
       Chain mail        |    33 |    64 |   124 |       ||   221
       Plate armour      |       |       |    26 |    29 ||    55
       Skin              |       |       |       |     4 ||     4
Dodge: Dodged            |    23 |    33 |    70 |    12 ||   138
Block: Shield            |    53 |    58 |   261 |    82 ||   454
